 Dungeon Crawl Stone Soup version 0.24-a0-769-g368c1644f8 (webtiles) character file.

Game seed: 664003061907133510, levelgen mode: deterministic

271 Masnef the Cudgeler (level 6, 0/37 HPs)
             Began as a Kobold Fighter on Oct 4, 2019.
             Slain by Grinder (3 damage)
             ... on level 4 of the Dungeon.
             The game lasted 00:06:28 (4129 turns).

Masnef the Cudgeler (Kobold Fighter)                Turns: 4129, Time: 00:06:30

Health: 0/37       AC:  8    Str: 15      XL:     6   Next: 47%
Magic:  6/6        EV:  8    Int:  9      God:
Gold:   172        SH:  8    Dex: 13 (15) Spells: 5/5 levels left

rFire    . . .     SeeInvis +   m - +3 morningstar (venom)
rCold    . . .     Gourm    .   c - +0 shield
rNeg     . . .     Faith    .   b - +0 scale mail
rPois    .         Spirit   .   (no helmet)
rElec    .         Reflect  .   i - +0 cloak
rCorr    .         Harm     .   n - +0 pair of gloves
MR       .....                  (no boots)
Stlth    ..........             (no amulet)
HPRegen  0.12/turn              p - ring of see invisible
MPRegen  0.10/turn              (no ring)

@: lethally poisoned (0 -> -1)
A: small, carnivore
a: no special abilities


You were on level 4 of the Dungeon.
You were full.

You visited 1 branch of the dungeon, and saw 4 of its levels.

You collected 172 gold pieces.

Inventory:

Hand Weapons
 a - a +0 flail
 m - a +3 morningstar of venom (weapon)
Armour
 b - a +0 scale mail (worn)
 c - a +0 shield (worn)
 i - a +0 cloak (worn)
 n - a +0 pair of gloves (worn)
Jewellery
 p - a ring of see invisible (left hand)
Wands
 q - a wand of polymorph (2)
Scrolls
 d - 2 scrolls of blinking
 e - a scroll of fear
 g - 4 scrolls of magic mapping
 h - a scroll of remove curse {unknown}
Potions
 j - a potion of heal wounds
 r - a potion of haste
Comestibles
 f - 5 rations


   Skills:
 - Level 3.2 Fighting
 + Level 5.8 Maces & Flails
 - Level 2.4 Armour
 - Level 2.4 Shields


You had 5 spell levels left.
You didn't know any spells.
Your spell library was empty.

Dungeon Overview and Level Annotations

Branches:
Dungeon (4/15)
 Temple: D:4-7

Altars:
Dithmenos
Elyvilon
Fedhas
Ru

Annotations:
D:4 Blork the orc, Grinder


Innate Abilities, Weirdness & Mutations

You are small and have problems with some larger weapons.
You are carnivorous and can eat meat at any time.


Message History

Unknown command.
Unknown command.
Unknown command.
Unknown command.
Evoke which item? (* to show all) (? for menu, Esc to quit)
Okay, then.
You hit Grinder.
Grinder is heavily wounded.
Grinder closely misses you.
You puncture Grinder!
Grinder is poisoned.
Grinder is severely wounded.
You feel sick. Grinder closely misses you.
You barely miss Grinder.
Grinder is severely wounded.
You block Grinder's attack.
Grinder says, "At least Makhleb appreciates what I'm doing."
Grinder hits you!
* * * LOW HITPOINT WARNING * * *
You writhe in agony.
You die...

$,,,* *,,,,,,,,,,,,,,*
$,,,* *,..******,*****
.,,,***********#..#* *,*
.,,,,,,,,,**,,,...# *,*
.,,,,*,,,,,,,**#..# *,*
.***,,,**,******..# *,*
.**,,,***,* ##,,..### *,*
.*,,,****.###..##(..# *,*
.,,,,,,,,.....o5@...# *.#
.,,******......##.#.# #.#
.,******,.....**#...#
#.##
.****,,,,....,,*##..#
#..#
.,,,,,**,..#*,..,#..#
#..#
.*******,.,***...##.###
#..# ,* *,,,*
*#..##...###..# ,**
*,,,**#.............####
,,*
*,,,,,..#........#...>.##


You could see Grinder and an orc.

Vanquished Creatures
  An orc wizard (D:3)
  3 iguanas
  A worker ant (D:3)
  5 adders
  2 oozes (D:3)
  A worm (D:4)
  3 dart slugs
  A leopard gecko (D:1)
  9 orcs
  6 giant cockroaches
  7 goblins
  9 hobgoblins
  4 jackals
  A quokka (D:4)
  2 ball pythons
  3 bats
  4 frilled lizards
  A jackal skeleton (D:4)
  5 kobolds
  8 rats
76 creatures vanquished.

Notes
Turn   | Place    | Note
-------+----------+-------------------------------------------
     0 | D:1      | Masnef the Kobold Fighter began the quest for the Orb.
     0 | D:1      | Reached XP level 1. HP: 14/14 MP: 1/1
    86 | D:1      | Reached skill level 2 in Maces & Flails
   393 | D:1      | Reached XP level 2. HP: 19/19 MP: 2/2
  1183 | D:1      | Reached XP level 3. HP: 21/23 MP: 3/3
  1188 | D:1      | Reached skill level 3 in Maces & Flails
  1431 | D:2      | Found a shadowy altar of Dithmenos.
  1720 | D:2      | Found a white marble altar of Elyvilon.
  2051 | D:3      | Reached XP level 4. HP: 17/28 MP: 4/4
  2309 | D:3      | Found a sacrificial altar of Ru.
  2329 | D:3      | Reached skill level 4 in Maces & Flails
  2368 | D:3      | Reached XP level 5. HP: 18/32 MP: 5/5
  2870 | D:3      | Found a blossoming altar of Fedhas.
  3203 | D:4      | Reached skill level 5 in Maces & Flails
  3254 | D:4      | Noticed Grinder
  3254 | D:4      | Paralysed by Grinder for 2 turns
  3332 | D:4      | Noticed an ogre
  3333 | D:4      | Noticed Blork the orc
  3526 | D:3      | Reached XP level 6. HP: 10/37 MP: 6/6
  4122 | D:4      | Paralysed by Grinder for 5 turns
  4129 | D:4      | Slain by Grinder

Levels and vault maps discovered:
D:1:      dpeg_arrival_lava_temple_mockup, layout_loops_ring,
          lemuel_old_faithful
D:2:      layout_loops_ring, marbit_many_paths, lemuel_crystal_altar,
          minmay_misc_feat_rugged
D:3:      layout_basic, nicolae_ru_great_annihilating_truth,
          fedhas_ov_isle_minmay
D:4:      layout_rooms, lemuel_crystal_altar, first_ration, uniq_grinder,
          uniq_blork_the_orc

Skill      XL: |  1  2  3  4  5 |
---------------+----------------+-----
Maces & Flails | 2 3 4 5 |  5.8
Fighting       | |  3.2
Armour         | |  2.4
Shields        | |  2.4

Action                   |  1- 3 |  4- 6 || total
-------------------------+-------+-------++-------
Melee: Flail             |   102 |    83 ||   185
       Morningstar       |       |    77 ||    77
  Use: Potion            |       |     6 ||     6
       Scroll            |       |     6 ||     6
  Eat: Chunk             |    11 |     4 ||    15
Armor: Scale mail        |    30 |    76 ||   106
Dodge: Dodged            |    52 |    74 ||   126
Block: Shield            |    51 |    94 ||   145

Table legend:
 A = Non-vault XP
 B = Vault XP
 C = Vault XP percentage of total XP
 D = Non-vault monster count
 E = Vault monster count
 F = Vault count percentage of total count
                 A         B        C        D         E       F
            +---------+---------+-------+---------+---------+-------
      Total |     331 |      57 |  14.7 |      71 |       5 |   6.6
            +---------+---------+-------+---------+---------+-------
        D:1 |      31 |       0 |   0.0 |      17 |       0 |   0.0
        D:2 |      34 |       1 |   2.9 |      15 |       1 |   6.2
        D:3 |     191 |      56 |  22.7 |      31 |       4 |  11.4
        D:4 |      75 |       0 |   0.0 |       8 |       0 |   0.0
            +---------+---------+-------+---------+---------+-------
